 Dungeon Crawl Stone Soup version 0.18-a0-990-g74cdb39 (webtiles) character file.

31 M4edhros the Charlatan (level 3, 0/23 HPs)
             Began as an Octopode Artificer on Jan 4, 2016.
             Succumbed to an adder's poison
             ... on level 2 of the Dungeon.
             The game lasted 00:00:46 (472 turns).

M4edhros the Charlatan (Octopode Artificer)          Turns: 472, Time: 00:00:46

Health: 0/23       AC:  1    Str: 10      XL:     3   Next: 22%
Magic:  5/5        EV: 12    Int: 13 (15) God:
Gold:   42         SH:  0    Dex: 12      Spells: 0 memorised, 2 levels left

rFire  . . .     SeeInvis .     a - +0 short sword
rCold  . . .     Gourm    .     (no shield)
rNeg   . . .     Faith    .     (helmet restricted)
rPois  .         Spirit   .     (no amulet)
rElec  .         Dismiss  .     (no ring)
rCorr  .         Reflect  .     (no ring)
SustAt .         Harm     .     (no ring)
MR     .....                    (no ring)
Stlth  +++.......               (no ring)
                                (no ring)
                                (no ring)
                                (no ring)

@: lethally poisoned (0 -> -11), not resistant to hostile enchantments, fairly
stealthy
A: almost no armour, amphibious, 8 rings, constrict 8, camouflage 1, gelatinous
body 1
a: no special abilities


You were on level 2 of the Dungeon.
You were not hungry.

You visited 1 branch of the dungeon, and saw 2 of its levels.

You collected 42 gold pieces.

Inventory:

Hand Weapons
 a - a +0 short sword (weapon)
Missiles
 h - 22 sling bullets
 i - 22 stones (quivered)
Wands
 b - a wand of flame (13/48)
 c - a wand of enslavement (14/24)
 d - a wand of random effects (15/48)
Scrolls
 e - a scroll of remove curse {unknown}
 j - a scroll of blinking {unknown}
 k - a scroll of amnesia {unknown}
 l - a scroll of noise {unknown}
 m - a scroll of magic mapping {unknown}
Comestibles
 f - 3 bread rations


   Skills:
 - Level 1.0 Fighting
 - Level 1.0 Short Blades
 * Level 2.6 Dodging
 * Level 2.9 Stealth
 + Level 3.7 Evocations


You had 2 spell levels left.
You didn't know any spells.

Dungeon Overview and Level Annotations

Branches:
Dungeon (2/15)

Altars:


Innate Abilities, Weirdness & Mutations

You cannot wear most types of armour.
You are amphibious.
You can wear up to eight rings at the same time.
You can use your tentacles to constrict eight enemies at once.
Your skin changes colour to match your surroundings (Stealth).
Your rubbery body absorbs attacks (AC +1).


Message History

* * * LOW HITPOINT WARNING * * *
You feel sick. The adder barely misses you.
Your adder barely misses the adder.
The adder bites you.
* * * LOW HITPOINT WARNING * * *
You are more poisoned.
The adder poisons you!
Evoke which item? (* to show all) (? for menu, Esc to quit)
Zapping:
b - a wand of flame (14/48)
Press: ? - help, Shift-Dir - straight line, f/p - adder
Aim: an adder (heavily wounded, poisoned) Really fire in your adder's direction?
The puff of flame hits the adder.
You kill the adder!
You have reached level 3!
Your experience leads to an increase in your attributes!
Your base attributes are Str 10, Int 14, Dex 12.
Increase (S)trength, (I)ntelligence, or (D)exterity?
You feel clever.
This wand has 13 charges left.
You die...

......#######
............#
............#
............#
............?# ##
... .....S...#..#
###)####...)......
.........(@......#
#..#....(.......#
......#.#.##.#.#
##.#..#.#..( ..
#####......####.# #
###.......(.........
#...........#####.##
#...........#
#...........#


You could see a friendly adder.

Vanquished Creatures
  An adder (D:2)
  3 giant cockroaches (D:1)
  2 goblins
  2 hobgoblins (D:1)
  6 bats
  3 giant newts
  3 kobolds (D:1)
  2 rats (D:1)
22 creatures vanquished.

Vanquished Creatures (collateral kills)
  A goblin (D:2)
1 creature vanquished.

Grand Total: 23 creatures vanquished

Notes
Turn   | Place    | Note
--------------------------------------------------------------
     0 | D:1      | M4edhros the Octopode Artificer began the quest for the Orb.
     0 | D:1      | Reached XP level 1. HP: 13/13 MP: 3/3
   240 | D:1      | Reached XP level 2. HP: 16/18 MP: 4/4
   472 | D:2      | Reached XP level 3. HP: 1/23 MP: 5/5
   472 | D:2      | Succumbed to an adder's poison

Vault maps used:
D:1:      lightli_arrival_quake
D:2:      elyvilon_altar_1, st_stairs_14, kennysheep_another_room

Action                   || total
-------------------------++-------
Melee: Short sword       ||    33
Evoke: Wand              ||     3
  Use: Potion            ||     1
 Stab: Sleeping          ||     8
